 Dungeon Crawl Stone Soup version 0.25-a0-578-gc91f01c39c (webtiles) character file.

Game seed: 15062983385740855723, levelgen mode: deterministic

4066 wullow the Spear-Bearer (level 10, -2/79 HPs)
             Began as a Demonspawn Fighter on Mar 3, 2020.
             Was a Follower of Sif Muna.
             Slain by Harold
             ... wielding a +0 trident
              (8 damage)
             ... on level 7 of the Dungeon.
             The game lasted 00:25:47 (10659 turns).

wullow the Spear-Bearer (Demonspawn Fighter)       Turns: 10659, Time: 00:25:48

Health: -2/79      AC: 13    Str: 19    XL:     10   Next: 5%
Magic:  14/14      EV:  7    Int: 11    God:    Sif Muna [*.....]
Gold:   482        SH: 11    Dex: 12    Spells: 12/14 levels left

rFire    . . .     SeeInvis .   a - +0 trident
rCold    + . .     Gourm    .   c - +1 kite shield
rNeg     . . .     Faith    .   b - +0 scale mail
rPois    .         Spirit   .   v - +0 helmet
rElec    .         Reflect  .   (no cloak)
rCorr    .         Harm     .   O - +1 pair of gloves
MR       .....                  (no boots)
Stlth    ++........             (no amulet)
HPRegen  0.23/turn              C - ring of wizardry
MPRegen  0.14/turn              (no ring)

@: marked
A: claws 2, yellow scales 2, cold resistance 1, nightstalker 2
a: Channel Magic, Renounce Religion


You were on level 7 of the Dungeon.
You worshipped Sif Muna.
Sif Muna was aware of your devotion.
You were not hungry.

You visited 2 branches of the dungeon, and saw 9 of its levels.

You collected 482 gold pieces.

Inventory:

Hand Weapons
 a - a +0 trident (weapon)
 h - a +0 hunting sling
 w - a +0 dagger of freezing
 E - a +2 trident of protection
 F - a +1 dagger of venom
 J - a +3 spear
Missiles
 i - 368 stones (quivered)
 o - 58 sling bullets
 r - 7 boomerangs of dispersal
 x - 7 silver boomerangs
 B - 6 javelins
 D - 11 boomerangs
 G - 6 poisoned darts
 L - a throwing net
Armour
 b - a +0 scale mail (worn)
 c - a +1 kite shield (worn)
 v - a +0 helmet (worn)
 O - a +1 pair of gloves (worn)
Jewellery
 C - a ring of wizardry (left hand)
 M - a +2 ring of slaying
Wands
 g - a wand of paralysis (5)
 p - a wand of digging (5)
 N - a wand of disintegration (6)
Scrolls
 e - 4 scrolls of enchant armour
 j - a scroll of fog
 u - 3 scrolls of teleportation
 y - 6 scrolls of immolation
 A - a scroll of remove curse
 I - a scroll of identify
 K - 2 scrolls of amnesia
 P - a scroll of magic mapping {unknown}
 Q - a scroll of fear {unknown}
 R - a scroll of vulnerability {unknown}
Potions
 d - 2 potions of might
 k - 2 potions of ambrosia
 l - 3 potions of haste {unknown}
 m - 2 potions of curing
 n - 2 potions of flight {unknown}
 q - a potion of berserk rage {unknown}
 s - a potion of invisibility
 t - 2 potions of heal wounds
 z - a potion of mutation
 H - 2 potions of lignification {unknown}
Comestibles
 f - 14 rations


   Skills:
 + Level 7.2 Fighting
 * Level 8.5 Polearms
 - Level 4.0 Armour
 + Level 6.5 Shields
 + Level 2.8 Spellcasting
 + Level 2.7 Air Magic
 + Level 3.0 Poison Magic


You had 12 spell levels left.
You knew the following spells:

 Your Spells              Type           Power        Failure   Level  Hunger
a - Poisonous Vapours     Pois/Air       #.....       38%         2    ###....

Your spell library contained the following spells:

 Spells                   Type           Power        Failure   Level  Hunger
 Mephitic Cloud           Conj/Pois/Air  #.......     75%         3    ###....
 Conjure Flame            Conj/Fire      #.......     93%         3    ###....
 Freezing Cloud           Conj/Ice/Air   #.........   100%        6    #######
 Ring of Flames           Chrm/Fire      #.........   100%        7    #######


Dungeon Overview and Level Annotations

Branches:
Dungeon (8/15)             Temple (1/1) D:5
   Lair: D:8-11

Altars:
Ashenzari
Dithmenos
Elyvilon
Fedhas
Gozag
Hepliaklqana
Kikubaaqudgha
Makhleb
Nemelex Xobeh
Qazlal
Ru
Sif Muna
Trog
Uskayaw
Vehumet
Wu Jian
Xom
Yredelemnul
Zin
The Shining One
Jiyva

Annotations:
D:2 2 transporters
D:7 Harold


Innate Abilities, Weirdness & Mutations

You have very sharp fingernails.
You are mostly covered in yellow scales. (AC +3)
Your flesh is cold resistant. (rC+)
You are significantly more attuned to the shadows.


Message History

Harold hits you with a +0 trident!
You hit Harold but do no damage.
Harold is heavily wounded.
Harold barely misses you.
You hit Harold but do no damage.
Harold is heavily wounded.
Harold hits you with a +0 trident!
* * * LOW HITPOINT WARNING * * *
You puncture Harold!
Harold is severely wounded.
Harold hits you with a +0 trident.
* * * LOW HITPOINT WARNING * * *
You hit Harold but do no damage.
Harold is severely wounded.
Harold hits you with a +0 trident!
* * * LOW HITPOINT WARNING * * *
You puncture Harold!
Harold is severely wounded.
Harold hits you with a +0 trident!
You die...

###.... #...... ###.#####
########## #...# #. #........#
#.######. ##### #........# #.#
##... ##...###........#
#.###..#.
##.....##........#####.##.....
#.......#...@@.............#.#
#.......#..........|....>###.#
#....[..#..........#########.#
##...............#......##....
#.......#......########......#
#.......##.....#####....#.....
#....................######...
##.....#......######## #.#.
##...##..###..##### #...


You could see Harold.

Vanquished Creatures
  Psyche (D:6)
  2 hippogriffs (D:7)
  A yak (D:8)
  A wyvern (D:8)
  2 porcupines (D:8)
  3 ice beasts
  2 phantoms
  A necrophage (D:5)
  A sky beast (D:5)
  4 ogres
  4 crocodiles (D:8)
  A big kobold (D:6)
  2 bullfrogs (D:7)
  4 wights
  2 howler monkeys
  2 crimson imps
  6 hounds
  2 bullfrog zombies
  A jelly (D:6)
  4 bullfrog skeletons
  A gnoll shaman (D:5)
  An iguana (D:7)
  Natasha (thrice) (D:3)
  5 orc wizards
  3 worker ants
  A killer bee zombie (D:5)
  3 hound skeletons
  Robin (D:3)
  12 gnolls
  7 adders
  2 shadow imps
  2 adder zombies
  2 adder skeletons
  3 worms (D:2)
  4 dart slugs
  3 leopard geckos
  8 orcs
  9 bats
  9 giant cockroaches
  18 goblins
  7 hobgoblins
  14 jackals
  A quokka (D:3)
  A ball python (D:1)
  8 frilled lizards
  16 kobolds
  6 rats
  A spectral orc (D:4)
197 creatures vanquished.

Vanquished Creatures (others)
  4 plants (D:5)
4 creatures vanquished.

Grand Total: 201 creatures vanquished

Notes
Turn   | Place    | Note
-------+----------+-------------------------------------------
     0 | D:1      | wullow the Demonspawn Fighter began the quest for the Orb.
     0 | D:1      | Reached XP level 1. HP: 18/18 MP: 1/1
   249 | D:1      | Reached skill level 2 in Polearms
   251 | D:1      | Gained mutation: You are partially covered in yellow
                  | scales. (AC +2) [demonic ancestry]
   251 | D:1      | Reached XP level 2. HP: 20/24 MP: 2/2
   738 | D:1      | Gained mutation: Your flesh is cold resistant. (rC+)
                  | [demonic ancestry]
   738 | D:1      | Reached XP level 3. HP: 27/29 MP: 3/3
  1474 | D:2      | Gained mutation: You are mostly covered in yellow scales.
                  | (AC +3) [demonic ancestry]
  1474 | D:2      | Reached XP level 4. HP: 33/35 MP: 4/4
  1851 | D:2      | Noticed a big kobold
  1855 | D:2      | Found a shattered altar of Ashenzari.
  1859 | D:2      | Found a transporter.
  1884 | D:2      | Found a stormy altar of Qazlal.
  1886 | D:2      | Noticed a water elemental
  1887 | D:2      | Noticed an earth elemental
  1887 | D:2      | Noticed a fire elemental
  1887 | D:2      | Noticed an air elemental
  1894 | D:2      | Found a transporter.
  2071 | D:2      | Reached skill level 3 in Polearms
  2334 | D:3      | Found a shadowy altar of Dithmenos.
  2375 | D:3      | Noticed Natasha
  2391 | D:3      | Killed Natasha
  2391 | D:3      | Gained mutation: You are slightly more attuned to the
                  | shadows. [demonic ancestry]
  2391 | D:3      | Reached XP level 5. HP: 35/42 MP: 5/5
  2432 | D:3      | Noticed Robin
  2765 | D:3      | Killed Robin
  2776 | D:3      | Noticed Natasha
  2793 | D:3      | Killed Natasha
  2906 | D:3      | Gained mutation: You have sharp fingernails. [demonic
                  | ancestry]
  2906 | D:3      | Reached XP level 6. HP: 37/48 MP: 6/6
  3112 | D:3      | Noticed Natasha
  3121 | D:3      | Killed Natasha
  3339 | D:4      | Found a basalt altar of Yredelemnul.
  3541 | D:4      | Reached skill level 4 in Polearms
  3673 | D:4      | Found a burning altar of Makhleb.
  3675 | D:4      | Found a sacrificial altar of Ru.
  3675 | D:4      | Found a glowing silver altar of Zin.
  3970 | D:4      | Found a sacrificial altar of Ru.
  3999 | D:4      | Reached XP level 7. HP: 36/55 MP: 7/7
  4429 | D:5      | Entered Level 5 of the Dungeon
  4668 | D:5      | Reached skill level 5 in Polearms
  4855 | D:5      | Reached skill level 5 in Fighting
  5115 | D:5      | Gained mutation: You have very sharp fingernails. [demonic
                  | ancestry]
  5115 | D:5      | Reached XP level 8. HP: 58/62 MP: 8/8
  5376 | D:5      | Reached skill level 6 in Polearms
  5376 | D:5      | Reached skill level 5 in Shields
  5557 | D:5      | Found an opulent altar of Gozag.
  5693 | D:5      | Found a staircase to the Ecumenical Temple.
  5763 | Temple   | Entered the Ecumenical Temple
  5938 | Temple   | Became a worshipper of Sif Muna the Loreminder
  6668 | D:6      | Found a shadowy altar of Dithmenos.
  6718 | D:6      | Found an ornate altar of the Wu Jian Council.
  7122 | D:6      | Reached skill level 7 in Polearms
  7391 | D:6      | You fall into a shaft and drop 2 floors!
  7404 | D:8      | Learned a level 2 spell: Poisonous Vapours
  7496 | D:8      | Reached XP level 9. HP: 63/71 MP: 9/9
  7518 | D:8      | Reached skill level 1 in Poison Magic
  7532 | D:8      | Noticed Psyche
  7551 | D:7      | Reached skill level 1 in Spellcasting
  7551 | D:7      | Reached skill level 1 in Air Magic
  8581 | D:7      | Paralysed by a wight for 6 turns
  8641 | D:7      | Noticed Harold
  9022 | D:6      | Killed Psyche
  9022 | D:6      | Reached skill level 8 in Polearms
  9040 | D:7      | Reached * piety under Sif Muna
 10114 | D:8      | Gained mutation: You are significantly more attuned to the
                  | shadows. [demonic ancestry]
 10114 | D:8      | Reached XP level 10. HP: 35/79 MP: 14/14
 10659 | D:7      | Slain by Harold

Levels and vault maps discovered:
D:1:      psy_arrival_fountain, layout_rooms, minmay_tall_x
D:2:      layout_rooms, gammafunk_temple_overflow_arena,
          nicolae_qazlal_style_of_elements, first_ration, minmay_misc_feat_x
D:3:      layout_rooms, lemuel_coloured_pillars_altar, kennysheep_minor_cross,
          uniq_robin, uniq_natasha
D:4:      layout_loops_ring, yredelemnul_forgotten_temple_becter,
          chequers_temple_overflow_statue_of_worship,
          nicolae_ru_sacrificial_ziggurat
D:5:      layout_loops_ring, marbit_many_paths,
          minmay_temple_entry_enclosed_plants, minivault_14, due_unseen_surprise
D:6:      layout_basic, kennysheep_mini_moat, basic_altar,
          kennysheep_generic_room_9
D:7:      layout_rooms, uniq_harold
D:8:      layout_rooms, nicolae_overflow_crystal_walls, minmay_lair_entry_grove,
          grunt_livestock, okawaru_trees_2, uniq_psyche
Temple:   pf_slimified_temple

Skill      XL: |  1  2  3  4  5  6  7  8  9 |
---------------+----------------------------+-----
Polearms       | 2 3 4 5 7 8 |  8.5
Armour         | 3 4 |  4.0
Shields        | 3 4 5 6 |  6.5
Fighting       | 4 5 6 7 |  7.2
Poison Magic   | 3 |  3.0
Spellcasting   | 2 |  2.8
Air Magic      | 2 |  2.7

Action                   |  1- 3 |  4- 6 |  7- 9 | 10-12 || total
-------------------------+-------+-------+-------+-------++-------
Melee: Trident           |   201 |   221 |   627 |    44 ||  1093
       Spear             |       |   105 |       |       ||   105
Throw: Stone             |       |     1 |     6 |     3 ||    10
Evoke: Wand              |       |       |     2 |       ||     2
  Use: Scroll            |       |     6 |     7 |       ||    13
       Potion            |       |       |     1 |       ||     1
 Stab: Invisible         |       |       |     6 |       ||     6
  Eat: Chunk             |     2 |     9 |    15 |       ||    26
       Ration            |       |       |     2 |       ||     2
Armor: Scale mail        |    57 |   150 |   224 |     6 ||   437
Dodge: Dodged            |    39 |    89 |   124 |     6 ||   258
Block: Kite shield       |    75 |   145 |   304 |     7 ||   531

Table legend:
 A = Non-vault XP
 B = Vault XP
 C = Vault XP percentage of total XP
 D = Non-vault monster count
 E = Vault monster count
 F = Vault count percentage of total count
                 A         B        C        D         E       F
            +---------+---------+-------+---------+---------+-------
      Total |    4333 |    1476 |  25.4 |     170 |      27 |  13.7
            +---------+---------+-------+---------+---------+-------
        D:1 |      38 |       6 |  13.6 |      24 |       4 |  14.3
        D:2 |     131 |       2 |   1.5 |      27 |       1 |   3.6
        D:3 |     225 |      69 |  23.5 |      28 |      12 |  30.0
        D:4 |     431 |       1 |   0.2 |      13 |       1 |   7.1
        D:5 |    1077 |       0 |   0.0 |      29 |       0 |   0.0
        D:6 |     668 |     483 |  42.0 |      25 |       2 |   7.4
        D:7 |    1553 |       0 |   0.0 |      23 |       0 |   0.0
        D:8 |     210 |     915 |  81.3 |       1 |       7 |  87.5
            +---------+---------+-------+---------+---------+-------
